PL
SEATTLE AVIATORS @ NORTHERN VIRGINIA RAINBOW MERMAIDS
05/24/2032
 
TOP OF THE 1ST
Seattle Aviators batting - Pitching for Northern Virginia Rainbow Mermaids : LHP Raúl Gómez
Pitching: LHP Raúl Gómez
Batting: SHB Nuygen Vuong 0-0: Ball
1-0: Ball
2-0: Ball
3-0: Called Strike
3-1: Bunt for hit - play at first, batter safe!
Batting: RHB Alfredo Méndez 0-0: Called Strike
Nuygen Vuong steals 2nd base
0-1: Fly out, F3 (Popup, 34S)
Batting: RHB John Downing 0-0: Swinging Strike
0-1: Called Strike
Nuygen Vuong steals 3rd base
0-2: Ball
1-2: Ball
2-2: Strikes out swinging
Batting: RHB Albert Zamudio 0-0: 2-RUN HOME RUN (Flyball, 7LD), Distance : 369 ft
Batting: RHB Ludwig Kluge 0-0: Swinging Strike
0-1: Called Strike
0-2: Ball
1-2: DOUBLE (Line Drive, 8LXD)
Batting: LHB Kenny Webster 0-0: Ball
1-0: Swinging Strike
1-1: Foul Ball, location: 2F
1-2: Strikes out looking
Top of the 1st over - 2 runs, 3 hits, 0 errors, 1 left on base; Seattle 2 - Northern Virginia 0
BOTTOM OF THE 1ST
Northern Virginia Rainbow Mermaids batting - Pitching for Seattle Aviators : LHP Shigemasa Horiuchi
Pitching: LHP Shigemasa Horiuchi
Batting: RHB Colt Cabana 0-0: Called Strike
0-1: Ball
1-1: Foul Ball, location: 2F
1-2: Foul Ball, location: 2F
1-2: Foul Ball, location: 2F
1-2: Ball
2-2: Fly out, F7 (Line Drive, 7D)
Batting: SHB Eustacio Tafalla 0-0: Foul Ball, location: 2F
0-1: Ball
1-1: Foul Ball, location: 2F
1-2: Fly out, F4 (Popup, 4MD)
Batting: LHB Kyoji Hakoda 0-0: Called Strike
0-1: SOLO HOME RUN (Flyball, 89XD), Distance : 456 ft
Batting: RHB Zahid Kashani 0-0: Called Strike
0-1: SINGLE (Line Drive, 9S)
Batting: LHB Scott Kerin 0-0: Ball
1-0: Called Strike
1-1: Swinging Strike
1-2: Ground out 4-3 (Groundball, 34)
Bottom of the 1st over - 1 run, 2 hits, 0 errors, 1 left on base; Seattle 2 - Northern Virginia 1
TOP OF THE 2ND
Seattle Aviators batting - Pitching for Northern Virginia Rainbow Mermaids : LHP Raúl Gómez
Batting: RHB Seon-keun Kim 0-0: Called Strike
0-1: Foul Ball, location: 2F
0-2: Ball
1-2: Fly out, F7 (Flyball, 78S)
Batting: RHB Logan Namajunas 0-0: Foul Ball, location: 2F
0-1: Ball
1-1: Foul Ball, location: 2F
1-2: Ball
2-2: Foul Ball, location: 2F
2-2: Strikes out swinging
Batting: LHB Pedro Corona 0-0: Ball
1-0: Foul Ball, location: 2F
1-1: Called Strike
1-2: Strikes out swinging
Top of the 2nd over - 0 runs, 0 hits, 0 errors, 0 left on base; Seattle 2 - Northern Virginia 1
BOTTOM OF THE 2ND
Northern Virginia Rainbow Mermaids batting - Pitching for Seattle Aviators : LHP Shigemasa Horiuchi
Batting: SHB Galtero Suárez 0-0: Ball
1-0: Foul Ball, location: 2F
1-1: Foul Ball, location: 2F
1-2: Foul Ball, location: 2F
1-2: Ball
2-2: Ground out 4-3 (Groundball, 4)
Batting: LHB Ty Tomblin 0-0: Foul Ball, location: 2F
0-1: Foul Ball, location: 2F
0-2: SINGLE (Flyball, 7LS)
Batting: SHB Melito Báez 0-0: Ball
1-0: Fly out, F8 (Flyball, 89S)
Batting: RHB JoJo Victory 0-0: SINGLE (Groundball, 6MD)
Ty Tomblin to second
Runner from 2nd tries for 3rd, OUT!
Bottom of the 2nd over - 0 runs, 2 hits, 0 errors, 1 left on base; Seattle 2 - Northern Virginia 1
TOP OF THE 3RD
Seattle Aviators batting - Pitching for Northern Virginia Rainbow Mermaids : LHP Raúl Gómez
Batting: SHB Nuygen Vuong 0-0: Called Strike
0-1: Foul Ball, location: 2F
0-2: Foul Ball, location: 2F
0-2: Ball
1-2: Strikes out swinging
Batting: RHB Alfredo Méndez 0-0: Foul Ball, location: 2F
0-1: Ball
1-1: SINGLE (Flyball, 9S)
Batting: RHB John Downing 0-0: Ball
1-0: Foul Ball, location: 2F
1-1: Foul Ball, location: 2F
1-2: Ball
2-2: SINGLE (Flyball, 78S)
Alfredo Méndez to second
Batting: RHB Albert Zamudio 0-0: Ball
1-0: Ball
2-0: Ball
3-0: Called Strike
3-1: Base on Balls
Alfredo Méndez to third
John Downing to second
Batting: RHB Ludwig Kluge 0-0: Ball
1-0: Called Strike
1-1: Foul Ball, location: 2F
1-2: Ball
2-2: Strikes out swinging
Batting: LHB Kenny Webster 0-0: Fly out, F8 (Flyball, 8LS)
Top of the 3rd over - 0 runs, 2 hits, 0 errors, 3 left on base; Seattle 2 - Northern Virginia 1
BOTTOM OF THE 3RD
Northern Virginia Rainbow Mermaids batting - Pitching for Seattle Aviators : LHP Shigemasa Horiuchi
Batting: RHB Colt Cabana 0-0: SINGLE (Groundball, 6MD)
Batting: SHB Eustacio Tafalla 0-0: Ball
1-0: Ball
2-0: Ball
3-0: Base on Balls
Colt Cabana to second
Batting: LHB Kyoji Hakoda 0-0: Grounds into double play, 1-6-3 (Groundball, 13)
Colt Cabana to third
Batting: RHB Zahid Kashani 0-0: Ball
1-0: Foul Ball, location: 2F
1-1: Foul Ball, location: 2F
1-2: Ball
2-2: Foul Ball, location: 2F
2-2: Fly out, F8 (Flyball, 8RS)
Bottom of the 3rd over - 0 runs, 1 hit, 0 errors, 1 left on base; Seattle 2 - Northern Virginia 1
TOP OF THE 4TH
Seattle Aviators batting - Pitching for Northern Virginia Rainbow Mermaids : LHP Raúl Gómez
Batting: RHB Seon-keun Kim 0-0: Swinging Strike
0-1: Swinging Strike
0-2: Foul Ball, location: 2F
0-2: Ball
1-2: Strikes out swinging
Batting: LHB Vinski Prifti 0-0: Ground out 4-3 (Groundball, 4)
Batting: LHB Pedro Corona 0-0: SINGLE (Groundball, 56) (infield hit)
Batting: SHB Nuygen Vuong 0-0: Ball
1-0: Swinging Strike
1-1: Swinging Strike
1-2: Strikes out swinging
Top of the 4th over - 0 runs, 1 hit, 0 errors, 1 left on base; Seattle 2 - Northern Virginia 1
BOTTOM OF THE 4TH
Northern Virginia Rainbow Mermaids batting - Pitching for Seattle Aviators : LHP Shigemasa Horiuchi
Now in CF: Vinski Prifti
Batting: LHB Scott Kerin 0-0: Swinging Strike
0-1: Foul Ball, location: 2F
0-2: Foul Ball, location: 2F
0-2: Ball
1-2: Reached on error, E7 (Flyball, 7)
Batting: SHB Galtero Suárez 0-0: Called Strike
0-1: Grounds into double play, 6-4-3 (Groundball, 6)
Batting: LHB Ty Tomblin 0-0: Called Strike
0-1: Fly out, F5 (Popup, 5SF)
Bottom of the 4th over - 0 runs, 0 hits, 1 error, 0 left on base; Seattle 2 - Northern Virginia 1
TOP OF THE 5TH
Seattle Aviators batting - Pitching for Northern Virginia Rainbow Mermaids : LHP Raúl Gómez
Batting: RHB Alfredo Méndez 0-0: Ball
1-0: Called Strike
1-1: Foul Ball, location: 2F
1-2: Ball
2-2: Fly out, F9 (Flyball, 89M)
Batting: RHB John Downing 0-0: Foul Ball, location: 2F
0-1: Ground out 1-3 (Groundball, 13)
Batting: RHB Albert Zamudio 0-0: Foul Ball, location: 2F
0-1: Foul Ball, location: 2F
0-2: Ball
1-2: Ground out 6-3 (Groundball, 6)
Top of the 5th over - 0 runs, 0 hits, 0 errors, 0 left on base; Seattle 2 - Northern Virginia 1
BOTTOM OF THE 5TH
Northern Virginia Rainbow Mermaids batting - Pitching for Seattle Aviators : LHP Shigemasa Horiuchi
Batting: SHB Melito Báez 0-0: Ball
1-0: Ball
2-0: Ground out 6-3 (Groundball, 6MD)
Batting: RHB JoJo Victory 0-0: Ball
1-0: Swinging Strike
1-1: Ball
2-1: SINGLE (Line Drive, 8LS)
Pitching: RHP Miguel Cervantes
Batting: RHB Colt Cabana 0-0: Ball
1-0: Called Strike
1-1: Called Strike
1-2: Ball
2-2: Ball
3-2: SINGLE (Groundball, 34D)
JoJo Victory to second
Runner from 2nd tries for 3rd, SAFE, no throw
Batting: SHB Eustacio Tafalla 0-0: Called Strike
0-1: Fielders Choice at 2nd, 4-6 (Groundball, 4)
JoJo Victory scores
Batting: LHB Kyoji Hakoda 0-0: Ball
1-0: Ball
2-0: Ball
3-0: Called Strike
3-1: Foul Ball, location: 2F
3-2: Foul Ball, location: 2F
3-2: Strikes out looking
Bottom of the 5th over - 1 run, 2 hits, 0 errors, 1 left on base; Seattle 2 - Northern Virginia 2
TOP OF THE 6TH
Seattle Aviators batting - Pitching for Northern Virginia Rainbow Mermaids : LHP Raúl Gómez
Batting: RHB Ludwig Kluge 0-0: Ball
1-0: Called Strike
1-1: Called Strike
1-2: Ball
2-2: Ball
3-2: Foul Ball, location: 2F
3-2: Foul Ball, location: 2F
3-2: Ground out 1-3 (Groundball, 15S)
Batting: LHB Kenny Webster 0-0: Ball
1-0: Called Strike
1-1: Foul Ball, location: 2F
1-2: Foul Ball, location: 2F
1-2: DOUBLE (Flyball, 89XD)
Batting: RHB Seon-keun Kim 0-0: Intentional Walk
Batting: LHB Vinski Prifti 0-0: Reached on error, E4 (Groundball, 4M)
Kenny Webster to third
Seon-keun Kim to second
Batting: LHB Pedro Corona 0-0: Ball
1-0: Ball
2-0: Swinging Strike
2-1: Foul Ball, location: 2F
2-2: Foul Ball, location: 2F
2-2: Strikes out swinging
Pitching: RHP Christian Mustard
Batting: SHB Nuygen Vuong 0-0: Ball
1-0: Called Strike
1-1: Foul Ball, location: 2F
1-2: Ground out 5-3 (Groundball, 5D)
Top of the 6th over - 0 runs, 1 hit, 1 error, 3 left on base; Seattle 2 - Northern Virginia 2
BOTTOM OF THE 6TH
Northern Virginia Rainbow Mermaids batting - Pitching for Seattle Aviators : RHP Miguel Cervantes
Batting: RHB Zahid Kashani 0-0: Called Strike
0-1: SINGLE (Groundball, 34S) (infield hit)
Batting: LHB Scott Kerin 0-0: Ball
1-0: Ball
2-0: Ball
3-0: Called Strike
3-1: Fly out, F8 (Flyball, 8LXD)
Batting: SHB Galtero Suárez 0-0: Ball
1-0: Ground out 4-3 (Groundball, 34)
Zahid Kashani to second
Batting: LHB Ty Tomblin 0-0: Called Strike
0-1: Ground out 4-3 (Groundball, 4)
Bottom of the 6th over - 0 runs, 1 hit, 0 errors, 1 left on base; Seattle 2 - Northern Virginia 2
TOP OF THE 7TH
Seattle Aviators batting - Pitching for Northern Virginia Rainbow Mermaids : RHP Christian Mustard
Batting: RHB Alfredo Méndez 0-0: Ball
1-0: SINGLE (Groundball, 56D)
Batting: RHB John Downing 0-0: Ball
1-0: Ball
2-0: Called Strike
2-1: Fly out, F7 (Flyball, 7LS)
Batting: RHB Albert Zamudio 0-0: Called Strike
0-1: Ball
1-1: Ball
2-1: Ball
Alfredo Méndez steals 2nd base
3-1: Intentional Walk
Batting: RHB Ludwig Kluge 0-0: Ball
Alfredo Méndez steals 3rd base
Albert Zamudio to second
1-0: Called Strike
1-1: Ground out 4-3 (Groundball, 4)
Batting: LHB Kenny Webster 0-0: Ball
1-0: Ball
2-0: Ball
3-0: Called Strike
3-1: Base on Balls
Batting: RHB Seon-keun Kim 0-0: Ground out U3 (Groundball, 34)
Top of the 7th over - 0 runs, 1 hit, 0 errors, 3 left on base; Seattle 2 - Northern Virginia 2
BOTTOM OF THE 7TH
Northern Virginia Rainbow Mermaids batting - Pitching for Seattle Aviators : RHP Miguel Cervantes
Batting: SHB Melito Báez 0-0: Ball
1-0: Foul Ball, location: 2F
1-1: Ball
2-1: Called Strike
2-2: SOLO HOME RUN (Line Drive, 9D), Distance : 386 ft
Pitching: RHP Manny Amici
Batting: RHB JoJo Victory 0-0: Called Strike
0-1: Ball
1-1: Called Strike
1-2: Ground out 5-3 (Groundball, 56)
Batting: RHB Colt Cabana 0-0: Ball
1-0: Ground out 6-3 (Groundball, 6)
Batting: SHB Eustacio Tafalla 0-0: SINGLE (Groundball, 34D)
Batting: LHB Kyoji Hakoda 0-0: Called Strike
0-1: Fly out, F9 (Flyball, 89S)
Bottom of the 7th over - 1 run, 2 hits, 0 errors, 1 left on base; Seattle 2 - Northern Virginia 3
TOP OF THE 8TH
Seattle Aviators batting - Pitching for Northern Virginia Rainbow Mermaids : RHP Christian Mustard
Pitching: RHP Mark Valle
Now at 3B: Marcos Alfaro
Batting: LHB Vinski Prifti 0-0: Foul Ball, location: 2F
0-1: Called Strike
0-2: Foul Ball, location: 2F
0-2: Ground out 4-3 (Groundball, 4)
Batting: LHB Pedro Corona 0-0: Foul Ball, location: 2F
0-1: Swinging Strike
0-2: Ball
1-2: SINGLE (Groundball, 4D)
Batting: SHB Nuygen Vuong 0-0: Ball
1-0: Ball
2-0: SINGLE (Line Drive, 4MD)
Pedro Corona to second
Runner from 2nd tries for 3rd, OUT!
Pinch Hitting: LHB Yoichibei Sato 0-0: SINGLE (Flyball, 8RS)
Nuygen Vuong to second
Runner from 2nd tries for 3rd, SAFE, no throw
Batting: RHB John Downing 0-0: Ball
1-0: Foul Ball, location: 2F
1-1: Swinging Strike
1-2: Ball
2-2: Strikes out swinging
Top of the 8th over - 0 runs, 3 hits, 0 errors, 2 left on base; Seattle 2 - Northern Virginia 3
BOTTOM OF THE 8TH
Northern Virginia Rainbow Mermaids batting - Pitching for Seattle Aviators : RHP Manny Amici
Now at 3B: Lester Kwiatkowski
Batting: RHB Zahid Kashani 0-0: Foul Ball, location: 2F
0-1: Ground out 1-3 (Groundball, 13)
Batting: LHB Scott Kerin 0-0: Ball
1-0: Ball
2-0: Foul Ball, location: 2F
2-1: Called Strike
2-2: Foul Ball, location: 2F
2-2: Fly out, F8 (Flyball, 8LS)
Batting: SHB Galtero Suárez 0-0: Ball
1-0: Ball
2-0: Ball
3-0: Called Strike
3-1: Foul Ball, location: 2F
3-2: SINGLE (Line Drive, 34D)
Pinch Hitting: LHB Count Dante 0-0: Ball
1-0: Fly out, F7 (Flyball, 7D)
Bottom of the 8th over - 0 runs, 1 hit, 0 errors, 1 left on base; Seattle 2 - Northern Virginia 3
TOP OF THE 9TH
Seattle Aviators batting - Pitching for Northern Virginia Rainbow Mermaids : RHP Mark Valle
Now in CF: Count Dante
Batting: RHB Albert Zamudio 0-0: Foul Ball, location: 2F
0-1: Called Strike
0-2: Ball
1-2: Strikes out swinging
Batting: RHB Ludwig Kluge 0-0: Ball
1-0: Foul Ball, location: 2F
1-1: Ball
2-1: Called Strike
2-2: Ball
3-2: Strikes out swinging
Batting: LHB Kenny Webster 0-0: Fly out, F7 (Flyball, 7S)
Top of the 9th over - 0 runs, 0 hits, 0 errors, 0 left on base; Seattle 2 - Northern Virginia 3
Wednesday, September 19th, 2018 - OOTP Baseball 18.8 Build 76